 Dungeon Crawl Stone Soup version 0.27-a0-695-gb4952372f7 (webtiles) character file.

Game seed: 9727955275859420421

2980 jasper the Chopper (level 9, -3/71 HPs)
             Began as a Demonspawn Delver on Mar 21, 2021.
             Was a Believer of Cheibriados.
             Killed from afar by Erica (16 damage)
             ... with a lance of force
             ... on level 9 of the Dungeon.
             The game lasted 00:18:33 (12202 turns).

jasper the Chopper (Demonspawn Delver)             Turns: 12202, Time: 00:18:33

Health: -3/71      AC:  8    Str: 27    XL:     9   Next: 53%
Magic:  14/14      EV: 12    Int: 23    God:    Cheibriados [**....]
Gold:   1504       SH:  0    Dex: 20    Spells: 8/8 levels left

rFire    + . .     SeeInvis .   E - +0 battleaxe
rCold    + + .     Faith    .   (shield currently unavailable)
rNeg     + . .     Spirit   .   i - +0 swamp dragon scales
rPois    +         Reflect  .   G - +0 helmet
rElec    +         Harm     .   (no cloak)
rCorr    +         Rampage  .   v - +0 pair of gloves
Will     .....                  x - +0 pair of boots {Fly}
Stlth    ++........             (no amulet)
HPRegen  0.21/turn              j - ring of protection from cold
MPRegen  0.14/turn              f - ring of Intercession {*Slow rN+ Str+6 Slay+3}

@: resistant, corroded, flying, slowed, very slow
A: talons 1, demonic guardian 1, powered by death 1, big brain 2
a: Stop Flying, Renounce Religion, Bend Time


You were on level 9 of the Dungeon.
You worshipped Cheibriados.
Cheibriados was pleased with you.
You visited 2 branches of the dungeon, and saw 10 of its levels.

You collected 1504 gold pieces.

Inventory:

Hand Weapons
 a - a +0 hand axe
 u - a +1 hunting sling of freezing
 A - a +2 hunting sling of freezing
 E - a +0 battleaxe (weapon)
 F - a +0 mace of protection
Missiles
 k - 181 stones (quivered)
 l - 111 bolts
 H - 8 javelins
Armour
 b - a +0 leather armour
 i - +0 swamp dragon scales (worn)
 n - a +0 chain mail
 s - a +0 scale mail
 v - a +0 pair of gloves (worn)
 x - a +0 pair of boots of flying (worn)
 B - a +0 tower shield
 G - a +0 helmet (worn)
Jewellery
 f - the ring of Intercession (left hand) {*Slow rN+ Str+6 Slay+3}
   (You acquired it on level 2 of the Dungeon)

   [ring of strength]

   It affects your strength (+6).
   It affects your accuracy and damage with ranged weapons and melee attacks
   (+3).
   It protects you from negative energy.
   It may slow you when you take damage.
 h - a ring of wizardry
 j - a ring of protection from cold (right hand)
 C - a ring of see invisible
Wands
 g - a wand of digging (9)
Scrolls
 c - 4 scrolls of fog
 d - 2 scrolls of magic mapping
 m - a scroll of fear
 y - 2 scrolls of immolation
 z - 2 scrolls of teleportation
 D - a scroll of noise
Potions
 p - a potion of flight
 q - a potion of cancellation
 r - 2 potions of invisibility {unknown}
 t - a potion of ambrosia {unknown}
 w - 2 potions of attraction {unknown}


   Skills:
 + Level 6.8 Fighting
 + Level 7.7 Axes
 + Level 5.3 Armour
 - Level 1.7 Dodging
 - Level 4.5 Stealth
 * Level 7.7 Invocations


You had 8 spell levels left.
You didn't know any spells.
Your spell library was empty.

Dungeon Overview and Level Annotations

Branches:
Dungeon (9/15)             Temple (1/1) D:4
   Lair: D:8-11         Orc: D:9-12

Altars:
Ashenzari
Cheibriados
Dithmenos
Elyvilon
Fedhas
Gozag
Hepliaklqana
Kikubaaqudgha
Makhleb
Nemelex Xobeh
Okawaru
Qazlal
Ru
Sif Muna
Trog
Uskayaw
Vehumet
Wu Jian
Xom
Yredelemnul
Zin
The Shining One

Annotations:
D:9 Erica


Innate Abilities, Weirdness & Mutations

You have sharp toenails.
A weak demonic guardian rushes to your aid.
You regenerate a little health from kills.
You have an extremely huge brain. (Int +4)


Message History

You take 8 damage, and have 37/71 hp.
You slice something!!
You hear some strange, mumbled words.
A bolt of poison appears from out of thin air!
The bolt of poison hits you! You resist.
You take 7 damage, and have 30/71 hp.
You barely miss something.
You hear some strange, mumbled words.
You feel yourself slow down.
You hear a zap.
A bolt of acid appears from out of thin air!
The bolt of acid hits you! You resist.
* * * LOW HITPOINT WARNING * * *
You are splashed with acid!
You resist.
* * * LOW HITPOINT WARNING * * *
A demonic guardian appears!
You take 17 damage, and have 13/71 hp.
MASSIVE DAMAGE!!
You feel much better.
You hear some strange, mumbled words.
You feel as though you will be slow longer.
You regained 21 hp, and now have 34/71 hp.
You miss something. Something hits you but does no damage. Something hits you.
You take 6 damage, and have 28/71 hp.
You closely miss something. Something hits you! Something burns you.
* * * LOW HITPOINT WARNING * * *
You hear a zap.
A bolt of acid appears from out of thin air!
The bolt of acid hits you. You resist.
* * * LOW HITPOINT WARNING * * *
The acid corrodes you!
You are splashed with acid.
You resist.
* * * LOW HITPOINT WARNING * * *
You take 16 damage, and have 12/71 hp.
MASSIVE DAMAGE!!
Something hits your quasit! Something burns your quasit.
Something completely misses your quasit.
There is a stone staircase leading up here.
Your quasit disappears in a puff of smoke!
You hear some strange, mumbled words.
A lance of force appears from out of thin air!
The lance of force hits you!
You die...

#..# ....##
......# ##.
....... #...
.......## .<...
........###.(.##
#.....5.#......
#.@ยง{......
#.(.....#..
#.#....##
...#........
..............
...............
.........#.....
.........#.....
....)..#...


You could see a friendly iron imp (summoned).

Vanquished Creatures
  Maggie (D:8)
  A troll (D:5)
  An ice beast (D:8)
  A sky beast (D:8)
  A black bear (D:4)
  A centaur (D:8)
  3 ogres
  2 phantoms (D:8)
  A bullfrog (D:8)
  Blork the orc (D:5)
  2 scorpions
  11 killer bees
  2 electric eels (D:6)
  4 wights (D:7)
  2 hounds
  A bullfrog zombie (D:8)
  3 orc priests
  A bullfrog skeleton (D:5)
  3 orc wizards
  A worker ant (D:6)
  A hound skeleton (D:5)
  2 river rats (D:3)
  10 adders
  A shadow imp (D:6)
  A white imp (D:7)
  An ufetubus (D:7)
  An ooze (D:1)
  3 worms
  2 dart slugs (D:1)
  4 leopard geckos
  20 orcs
  2 ball pythons
  A giant cockroach (D:7)
  11 goblins
  10 hobgoblins
  7 jackals
  4 kobolds
  3 quokkas
  10 bats
  2 frilled lizards (D:2)
  2 leopard gecko skeletons
  6 rats
147 creatures vanquished.

Vanquished Creatures (collateral kills)
  A water moccasin (D:8)
  An ogre (D:8)
  A killer bee (D:7)
  A worker ant (D:8)
4 creatures vanquished.

Vanquished Creatures (others)
  An orc wizard (D:5)
1 creature vanquished.

Grand Total: 152 creatures vanquished

Notes
Turn   | Place    | Note
-------+----------+-------------------------------------------
     0 | D:5      | jasper the Demonspawn Delver began the quest for the Orb.
     0 | D:5      | Reached XP level 1. HP: 18/18 MP: 1/1
    63 | D:5      | Noticed a troll
    95 | D:4      | Noticed an orc priest
   388 | D:1      | Gained mutation: You have an unusually large brain. (Int
                  | +2) [demonic ancestry]
   388 | D:1      | Reached XP level 2. HP: 13/24 MP: 2/2
  1090 | D:1      | Reached skill level 1 in Armour
  1466 | D:1      | Reached XP level 3. HP: 28/29 MP: 3/3
  2381 | D:2      | Gained mutation: You regenerate a little health from kills.
                  | [demonic ancestry]
  2381 | D:2      | Reached XP level 4. HP: 29/35 MP: 4/4
  2840 | D:2      | Found a faded altar of an unknown god.
  3360 | D:2      | Identified 3 scrolls of acquirement
  3360 | D:2      | Acquired 646 gold pieces
  3362 | D:2      | Acquired the ring of Intercession {*Slow rN+ Str+6 Slay+3}
  3363 | D:2      | Acquired 402 gold pieces
  3778 | D:3      | Gained mutation: You have sharp toenails. [demonic
                  | ancestry]
  3778 | D:3      | Reached XP level 5. HP: 41/42 MP: 5/5
  4189 | D:4      | Noticed an ogre
  4770 | D:4      | Noticed a black bear
  4782 | D:4      | Killed a black bear
  4783 | D:4      | Reached XP level 6. HP: 41/48 MP: 6/6
  5416 | D:4      | Found a staircase to the Ecumenical Temple.
  5425 | Temple   | Entered the Ecumenical Temple
  5731 | Temple   | Became a worshipper of Cheibriados the Contemplative
  6005 | D:4      | Identified the +1 robe of Mesuh {rF+++ rN+ Str-2 Stlth+}
  6143 | D:5      | Found a broken altar of Ashenzari.
  6143 | D:5      | Noticed Blork the orc
  6160 | D:5      | Killed Blork the orc
  6168 | D:5      | Reached skill level 1 in Invocations
  6331 | D:5      | Reached skill level 5 in Axes
  6352 | D:5      | Killed a troll
  6353 | D:5      | Gained mutation: A weak demonic guardian rushes to your
                  | aid. [demonic ancestry]
  6353 | D:5      | Reached XP level 7. HP: 40/55 MP: 6/8
  6648 | D:5      | Reached skill level 5 in Fighting
  7523 | D:6      | Reached * piety under Cheibriados
  8516 | D:6      | Reached XP level 8. HP: 62/62 MP: 10/10
  9529 | D:7      | Reached ** piety under Cheibriados
 10525 | D:8      | Reached skill level 5 in Invocations
 10959 | D:8      | Gained mutation: You have an extremely huge brain. (Int +4)
                  | [demonic ancestry]
 10959 | D:8      | Reached XP level 9. HP: 62/69 MP: 13/13
 11297 | D:8      | Reached skill level 5 in Armour
 11818 | D:8      | Noticed Maggie
 11830 | D:8      | Killed Maggie
 12050 | D:9      | Noticed Erica
 12202 | D:9      | Killed from afar by Erica

Illustrated notes

Levels and vault maps discovered:
D:1:      psy_arrival_conway, layout_basic,
          hangedman_abyss_or_decor_lesser_grid, minmay_pentomino_u2
D:2:      kennysheep_six_static_rooms, layout_basic,
          chequers_ecumenical_altar_island
D:3:      layout_basic, gup_sewer_entry_bowl, minmay_between
D:4:      layout_basic, minmay_temple_entry_purple_smoke, nrook_campfire
D:5:      layout_basic, lemuel_crystal_altar, enter_ossuary_1,
          hangedman_abyss_or_decor_stagger, uniq_blork_the_orc
D:6:      layout_loops_ring, fountainhead, minivault_11
D:7:      layout_gridville
D:8:      layout_basic, hangedman_decor_riveting, uniq_maggie
D:9:      layout_cave_pools, uniq_erica
Temple:   regret_index_temple_sigil_plot

Skill      XL: |  1  2  3  4  5  6  7  8  9 |
---------------+----------------------------+-----
Axes           | 2 3 4 5 6 7 |  7.7
Armour         | 1 2 3 4 5 |  5.3
Fighting       | 4 5 6 |  6.8
Invocations    | 2 3 5 7 |  7.7
Dodging        | |  1.7
Stealth        | |  4.5

Action                   |  1- 3 |  4- 6 |  7- 9 || total
-------------------------+-------+-------+-------++-------
Melee: Hand axe          |   122 |   171 |    58 ||   351
       Battleaxe         |       |       |   109 ||   109
 Fire: Hunting sling     |       |    28 |       ||    28
Throw: Stone             |    68 |    66 |     8 ||   142
       Boomerang         |       |     3 |    88 ||    91
Evoke: Wand              |     4 |     4 |       ||     8
  Use: Scroll            |     1 |    10 |     5 ||    16
       Potion            |     1 |     4 |     5 ||    10
 Stab: Sleeping          |     4 |       |       ||     4
       Paralysed         |    10 |     2 |       ||    12
Armor: Leather armour    |    27 |    10 |       ||    37
       Chain mail        |       |    55 |   124 ||   179
       Skin              |       |    28 |    13 ||    41
       Swamp dragon scal |       |       |     3 ||     3
Dodge: Dodged            |    79 |    83 |   113 ||   275

Table legend: (Time is in decaauts)
 A = Elapsed time spent in this place.
 B = Non-inter-level travel time spent in this place.
 C = Inter-level travel time spent in this place.
 D = Time resting spent in this place.
 E = Time spent auto-exploring this place.
 F = Levels seen in this place.
 G = Mean time per level.
                   A        B        C        D        E       F      G
               +--------+--------+--------+--------+--------+-----+--------+
         Total |  13700 |  12673 |   1027 |   3350 |   7564 |  10 | 1370.0 |
       Dungeon |  13363 |  12365 |    998 |   3350 |   7292 |   9 | 1484.8 |
        Temple |    337 |    308 |     29 |      0 |    272 |   1 |  337.0 |
               +--------+--------+--------+--------+--------+-----+--------+

Top non-repeatable levels by time:
     D:8: 2028 daAuts
     D:2: 1874 daAuts
     D:7: 1828 daAuts
     D:5: 1687 daAuts
     D:6: 1686 daAuts
     D:3: 1561 daAuts
     D:1: 1444 daAuts
     D:4: 1223 daAuts
  Temple: 337 daAuts
     D:9: 28 daAuts
